 Dungeon Sprint DCSS version 0.30-a0-354-g6b83867211 (webtiles) character file.

Game seed: 4179928834784710449

758 rocky1 the Spear-Bearer (level 7, -6/105 HPs)
             Began as a Naga Reaver on Nov 8, 2022.
             Was the Champion of Cheibriados.
             Mangled by a molten gargoyle
             ... wielding a +0 morningstar
              (21 damage)
             ... in the Dungeon (Sprint VII: "The Pits").
             The game lasted 00:03:02 (1464 turns).

rocky1 the Spear-Bearer (Naga Reaver)               Turns: 1464, Time: 00:03:02

Health: -6/105     AC:  4    Str: 32    XL:     7   Next: 80%
Magic:  13/13      EV: 12    Int: 28    God:    Cheibriados [******]
Gold:   0          SH:  0    Dex: 24    Spells: 8/14 levels left

rFire   . . .      SeeInvis +    m - +1 trident (vorpal)
rCold   . . .      Faith    .    (no shield)
rNeg    . . .      Spirit   .    b - +0 leather armour
rPois   +          Reflect  .    (no helmet)
rElec   .          Harm     .    (no cloak)
rCorr   .          Rampage  .    (no gloves)
Will    .....      NoTele   +    (no barding)
Stlth   ..........               (no amulet)
HPRegen 0.37/turn                (no ring)
MPRegen 0.13/turn                (no ring)

@: berserking, very slow
A: AC +2, large, see invisible, deformed body, poison resistance, slowness 2,
spit poison 1, naga tail 1
a: Spit Poison, Renounce Religion, Bend Time, Temporal Distortion, Slouch, Step
From Time


You were in the Dungeon.
You worshipped Cheibriados.
Cheibriados was exalted by your worship.
You visited 1 branch

Inventory:

Hand Weapons
 a - a +0 spear
 l - a +2 trident
 m - a +1 vorpal trident (weapon)
Armour
 b - a +0 leather armour (worn)
 n - a +3 chain mail
Scrolls
 h - a scroll of blinking
 j - 5 scrolls of amnesia
 k - a scroll of summoning
Potions
 c - 5 potions of curing
 d - 5 potions of heal wounds
 e - a potion of haste
 f - 4 potions of magic
 i - 2 potions of invisibility


   Skills:
 + Level 6.6 Fighting
 + Level 9.7 Polearms
 + Level 5.4 Armour
 + Level 3.8 Dodging
 + Level 3.6 Stealth
 + Level 4.0 Spellcasting
 + Level 6.9 Conjurations
 + Level 1.0 Necromancy
 * Level 5.4 Invocations


You had 8 spell levels left.
You knew the following spells:

 Your Spells              Type           Power      Damage    Failure   Level
a - Kiss of Death         Conj/Necr      100%       2d13      1%          1
b - Momentum Strike       Conj/Tloc      50%        3d9       3%          2
c - Hailstorm             Conj/Ice       25%        3d7       6%          3

Your spell library contained the following spells:

 Spells                   Type           Power      Damage    Failure   Level


Dungeon Overview and Level Annotations

Branches:
Dungeon (1/1)

Altars:
Ashenzari
Cheibriados
Dithmenos
Elyvilon
Fedhas
Gozag
Hepliaklqana
Kikubaaqudgha
Makhleb
Nemelex Xobeh
Okawaru
Qazlal
Ru
Sif Muna
Trog
Uskayaw
Vehumet
Wu Jian
Xom
Yredelemnul
Zin
The Shining One
Jiyva
Lugonu


Innate Abilities, Weirdness & Mutations

Your serpentine skin is tough. (AC +2)
You have supernaturally acute eyesight. (SInv)
Armour fits poorly on your strangely shaped body.
Your system is resistant to poisons. (rPois)
You cover ground very slowly.
You can spit poison.
You have a snake-like lower body.


Message History

The floating eye is heavily wounded.
You hit the floating eye.
The floating eye is severely wounded.
You puncture the floating eye!
You kill the floating eye!
Cheibriados thoroughly appreciates the change of pace.
Your Spellcasting skill increases to level 4!
Your Necromancy skill increases to level 1!
Your Invocations skill increases to level 5!
Unknown command.
You start resting.
Magic restored.
The steam dragon breathes steam at you. The ball of steam hits you!!
There is an open door, spattered with blood here.
You see here a bat skeleton.
A red film seems to cover your vision as you go berserk!
Cheibriados forces you to slow down.
You feel mighty!
You are engulfed in a cloud of scalding steam.
The molten gargoyle blasts magma at you!
The bolt of magma misses you.
The steam dragon hisses angrily.
You hit the molten gargoyle.
The molten gargoyle is lightly damaged.
You are engulfed in a cloud of scalding steam.
The molten gargoyle closely misses you. The steam dragon breathes steam at you.
The ball of steam hits the molten gargoyle.
The molten gargoyle resists.
The ball of steam hits you!
You hit the molten gargoyle.
The molten gargoyle is heavily damaged.
You are engulfed in a cloud of scalding steam.
The molten gargoyle barely misses you. The molten gargoyle misses you.
The molten gargoyle blasts magma at you!
The bolt of magma hits you!!
* * * LOW HITPOINT WARNING * * *
The molten gargoyle hits you with a +0 morningstar!!
You die...

#.#.....#'###...<...#
#.#........##.......#
#.#........##.......#
#'###########.......#
#†)..†..#.. #########
#..#.#..#.# ###
#.##†##.#.# ...#
#.......#÷#....#
#.##.##.#@9D§§D+
#..#.#..#'#....#
#.......).#....#
########### ####


You could see a molten gargoyle and a steam dragon.

Vanquished Creatures
  A fire bat (D)
  A floating eye (D)
  A black bear (D)
  2 sky beasts (D)
  2 scorpions (D)
  A hound (D)
  A quasit (D)
  An orc wizard (D)
  A hell rat (D)
  A gnoll (D)
  An adder (D)
  A worm (D)
  An orc (D)
  2 bats (D)
  A giant cockroach (D)
  3 jackals (D)
  A ball python (D)
  A goblin (D)
23 creatures vanquished.

Notes
Turn   | Place    | Note
-------+----------+-------------------------------------------
     0 | D        | rocky1 the Naga Reaver began the quest for the Orb.
     0 | D        | Reached XP level 1. HP: 19/19 MP: 3/3
    28 | D        | Found a bloodstained altar of Trog.
    28 | D        | Found a shimmering blue altar of Sif Muna.
    28 | D        | Found a viscous altar of Jiyva.
    28 | D        | Found a hazy altar of Hepliaklqana.
    28 | D        | Found an opulent altar of Gozag.
    29 | D        | Found a glowing golden altar of the Shining One.
    29 | D        | Found a glowing silver altar of Zin.
    29 | D        | Found a basalt altar of Yredelemnul.
    29 | D        | Found a shimmering altar of Xom.
    29 | D        | Found an ornate altar of the Wu Jian Council.
    29 | D        | Found a sacrificial altar of Ru.
    29 | D        | Found a stormy altar of Qazlal.
    29 | D        | Found an iron altar of Okawaru.
    29 | D        | Found a sparkling altar of Nemelex Xobeh.
    29 | D        | Found a burning altar of Makhleb.
    29 | D        | Found a blossoming altar of Fedhas.
    29 | D        | Found a white marble altar of Elyvilon.
    29 | D        | Found a shadowy altar of Dithmenos.
    29 | D        | Found a snail-covered altar of Cheibriados.
    32 | D        | Found a corrupted altar of Lugonu.
    32 | D        | Found a radiant altar of Vehumet.
    33 | D        | Found an ancient bone altar of Kikubaaqudgha.
    33 | D        | Found a hide-covered altar of Uskayaw.
    33 | D        | Found a broken altar of Ashenzari.
    40 | D        | Became a worshipper of Cheibriados the Contemplative
    85 | D        | Reached * piety under Cheibriados
   360 | D        | Noticed a scorpion
   366 | D        | Reached ** piety under Cheibriados
   367 | D        | Reached skill level 4 in Polearms
   367 | D        | Reached XP level 2. HP: 26/27 MP: 5/5
   370 | D        | Killed a scorpion
   371 | D        | Reached skill level 5 in Polearms
   371 | D        | Reached skill level 5 in Conjurations
   371 | D        | Reached XP level 3. HP: 13/34 MP: 7/7
   371 | D        | Reached XP level 4. HP: 16/42 MP: 8/8
   681 | D        | Learned a level 2 spell: Momentum Strike
   686 | D        | Learned a level 3 spell: Hailstorm
   686 | D        | Noticed a scorpion
   687 | D        | Noticed a sky beast
   691 | D        | Reached *** piety under Cheibriados
   695 | D        | Killed a scorpion
   696 | D        | Reached skill level 6 in Polearms
   696 | D        | Reached XP level 5. HP: 50/50 MP: 9/9
   699 | D        | Killed a sky beast
   699 | D        | Reached **** piety under Cheibriados
   700 | D        | Reached skill level 7 in Polearms
   700 | D        | Reached XP level 6. HP: 58/58 MP: 9/11
   807 | D        | Noticed a black bear
   808 | D        | Reached ***** piety under Cheibriados
   811 | D        | Killed a black bear
   812 | D        | Reached skill level 5 in Fighting
   812 | D        | Reached skill level 8 in Polearms
   812 | D        | Reached skill level 1 in Stealth
  1224 | D        | Noticed a fire bat
  1224 | D        | Noticed a sky beast
  1233 | D        | Reached XP level 7. HP: 62/68 MP: 12/12
  1237 | D        | Reached ****** piety under Cheibriados
  1238 | D        | Reached skill level 9 in Polearms
  1242 | D        | Killed a fire bat
  1243 | D        | Reached skill level 5 in Armour
  1446 | D        | Noticed a steam dragon
  1446 | D        | Noticed a molten gargoyle
  1447 | D        | Paralysed by a floating eye for 2 turns
  1452 | D        | Reached skill level 1 in Necromancy
  1452 | D        | Reached skill level 5 in Invocations
  1464 | D        | Mangled by a molten gargoyle

Illustrated notes

Levels and vault maps discovered:
D:        pitsprint [storerooms_1, entrance_room_1, metal_vault_5, armoury_1,
          mini_pit_1, grid_room_1, main_hall_1, silver_pit, the_coven_2,
          the_vestibule_1, steel_vault_5, golden_pit, hallway_of_sentries,
          crystal_vault_6, iron_vault_5, final_vault]

Skill      XL: |  1  2  3  4  5  6  7 |
---------------+----------------------+-----
Polearms       | 4 5 6 7 8 9 |  9.7
Conjurations   | 4 5 6 |  6.9
Fighting       | 3 4 5 6 |  6.6
Armour         | 2 3 4 5 |  5.4
Dodging        | 2 3 |  3.8
Spellcasting   | 3 4 |  4.0
Stealth        | 1 3 |  3.6
Invocations    | 3 5 |  5.4
Necromancy     | 1 |  1.0

Action                   |  1- 3 |  4- 6 |  7- 9 || total
-------------------------+-------+-------+-------++-------
Melee: Trident           |    13 |    42 |    14 ||    69
       Spear             |     1 |       |       ||     1
 Cast: Kiss of Death     |     3 |     1 |       ||     4
 Abil: Spit Poison       |       |     1 |     1 ||     2
  Use: Potion            |     3 |     1 |     1 ||     5
 Stab: Sleeping          |       |     2 |       ||     2
Armor: Leather armour    |     3 |    16 |     3 ||    22
Dodge: Dodged            |    13 |    29 |     8 ||    50

Table legend: (Time is in decaauts)
 A = Elapsed time spent in this place.
 B = Non-inter-level travel time spent in this place.
 C = Inter-level travel time spent in this place.
 D = Time resting spent in this place.
 E = Time spent auto-exploring this place.
 F = Levels seen in this place.
 G = Mean time per level.
                   A        B        C        D        E       F      G
               +--------+--------+--------+--------+--------+-----+--------+
         Total |   1639 |   1591 |     48 |   1229 |      0 |   1 | 1639.0 |
       Dungeon |   1639 |   1591 |     48 |   1229 |      0 |   1 | 1639.0 |
               +--------+--------+--------+--------+--------+-----+--------+

Top non-repeatable levels by time:
       D: 1639 daAuts
